 Dungeon Crawl Stone Soup version 0.28-a0-622-gbaef9634d7 (webtiles) character file.

Game seed: 9494836250935963390

1869 pokeman the Thaumaturge (level 8, 0/44 HPs)
             Began as a Deep Elf Hedge Wizard on Oct 7, 2021.
             Slain by a human zombie (2 damage)
             ... in an ossuary.
             The game lasted 00:19:31 (9087 turns).

pokeman the Thaumaturge (Deep Elf Hedge Wizard)     Turns: 9087, Time: 00:19:32

Health: 0/44       AC:  5    Str:  7    XL:     8   Next: 90%
Magic:  20/24      EV: 16    Int: 22    God:
Gold:   173        SH:  0    Dex: 14    Spells: 17/28 levels left

rFire   + . .      SeeInvis .   u - +0 whip (elec)
rCold   . . .      Faith    .   (no shield)
rNeg    . . .      Spirit   .   k - +0 leather armour
rPois   .          Reflect  .   s - +0 helmet
rElec   .          Harm     .   n - +0 cloak
rCorr   .          Rampage  .   (no gloves)
Will    .....                   (no boots)
Stlth   ++........              C - amulet of magic regeneration
HPRegen 0.14/turn               w - ring of protection from fire
MPRegen 0.44/turn               F - +4 ring of evasion

@: no status effects
A: no striking features
a: no special abilities


You were in an ossuary.
You visited 1 branch of the dungeon, and saw 7 of its levels.
You also visited: Ossuary.

You collected 173 gold pieces.

Inventory:

Hand Weapons
 u - a +0 whip of electrocution (weapon)
 H - a +3 quarterstaff of chaos
Missiles
 e - 73 arrows
 h - 2 throwing nets
 i - 109 bolts
Armour
 k - a +0 leather armour (worn)
 n - a +0 cloak (worn)
 o - a +0 buckler
 s - a +0 helmet (worn)
Jewellery
 w - a ring of protection from fire (left hand)
 B - an amulet of guardian spirit
 C - an amulet of magic regeneration (around neck)
 F - a +4 ring of evasion (right hand)
Wands
 L - a wand of iceblast (4)
 M - a wand of flame (14)
Scrolls
 d - 4 scrolls of identify {unknown}
 f - 3 scrolls of amnesia {unknown}
 g - 2 scrolls of enchant weapon {unknown}
 l - a scroll of acquirement {unknown}
 m - 2 scrolls of immolation {unknown}
 q - 2 scrolls of summoning {unknown}
 v - a scroll of fear {unknown}
 x - 2 scrolls of blinking {unknown}
 y - a scroll of noise {unknown}
 z - a scroll of fog {unknown}
 A - a scroll of torment {unknown}
 G - 2 scrolls of teleportation {unknown}
 I - a scroll of enchant armour {unknown}
 J - 2 scrolls of magic mapping {unknown}
 K - a scroll of vulnerability {unknown}
Potions
 a - 3 potions of might {unknown}
 b - a potion of cancellation {unknown}
 c - a potion of degeneration {unknown}
 j - a potion of berserk rage {unknown}
 p - a potion of magic {unknown}
 r - 2 potions of flight {unknown}
 t - 3 potions of heal wounds {unknown}
 D - a potion of curing {unknown}
 E - 2 potions of lignification {unknown}


   Skills:
 - Level 2.0 Fighting
 - Level 2.2 Armour
 - Level 3.0 Dodging
 - Level 3.0 Stealth
 + Level 1.9 Shields
 * Level 10.5 Spellcasting
 + Level 5.6 Conjurations
 + Level 3.5 Summonings
 - Level 1.1 Translocations
 - Level 3.0 Fire Magic
 - Level 1.0 Air Magic
 - Level 1.0 Poison Magic
 - Level 1.0 Evocations


You had 17 spell levels left.
You knew the following spells:

 Your Spells              Type           Power      Damage    Failure   Level
a - Magic Dart            Conj           100%       1d8       1%          1
b - Mephitic Cloud        Conj/Pois/Air  22%        N/A       9%          3
c - Call Imp              Summ           27%        N/A       3%          2
d - Blink                 Tloc           N/A        N/A       9%          2
e - Conjure Flame         Conj/Fire      30%        6-21      4%          3

Your spell library contained the following spells:

 Spells                   Type           Power      Damage    Failure   Level
 Slow                     Hex            11%        N/A       13%         2


Dungeon Overview and Level Annotations

Branches:
Dungeon (7/15)            Ossuary (1/1)
 Temple: D:4-7

Altars:

Shops:
D:2 [[([   D:6 (


Message History

Casting: Conjure Flame (dangerous; 4% risk of failure)
Confirm with . or Enter, or press ? or * to list all spells.
The fire begins to smoulder!
The hound zombie bites you.
* * * LOW HITPOINT WARNING * * *
The hound zombie completely misses you.
Unknown command.
The hound zombie smothers the flame.
You hit the hound zombie.
The hound zombie is lightly damaged.
The hound zombie is engulfed in blazing flames.
The hound zombie bites you but does no damage.
The hound zombie bites you.
* * * LOW HITPOINT WARNING * * *
The kobold zombie hits you but does no damage.
You hit the hound zombie.
The hound zombie is almost destroyed.
The hound zombie is engulfed in blazing flames.
You destroy the hound zombie!
The hound zombie bites you.
* * * LOW HITPOINT WARNING * * *
The hound zombie barely misses you.
The jackal zombie is engulfed in blazing flames.
You destroy the jackal zombie!
The kobold zombie misses you.
Found 14 gold pieces and a bubbling puce potion.
The hound zombie completely misses you.
The hobgoblin zombie is engulfed in blazing flames.
You destroy the hobgoblin zombie!
The hound zombie closely misses you. The hound zombie bites you.
* * * LOW HITPOINT WARNING * * *
The human zombie is engulfed in blazing flames.
The human zombie hits you but does no damage.
The hound zombie closely misses you.
The human zombie is engulfed in blazing flames.
The human zombie closely misses you. The hound zombie bites you.
* * * LOW HITPOINT WARNING * * *
The human zombie is engulfed in blazing flames.
The human zombie hits you.
You die...

##...............##.....
........................
.......................
.....................#
....................#
.........∩..........#
.........∩.....Z....##
...............Z.....#..
..............@Z........#
##.............Z.##.....#
#...............# .....#
................... ....#
........................#
.....#####.........+###
..........#$!#
...........#


You could see a hound zombie, a gnoll zombie, a kobold zombie and a human
zombie.

Vanquished Creatures
  Grinder (D:6)
  A steam dragon (D:6)
  A water moccasin (D:6)
  3 ogres
  A kobold brigand (D:6)
  An elf zombie (Ossuary)
  A bullfrog (D:6)
  A water moccasin skeleton (D:4)
  A howler monkey (D:6)
  A bullfrog zombie (D:5)
  3 jellies
  Crazy Yiuf (D:5)
  A centaur zombie (D:6)
  2 gnoll shamans
  2 bullfrog skeletons
  A centaur skeleton (D:7)
  3 iguanas
  2 orc wizards (D:3)
  A killer bee zombie (D:5)
  A hound zombie (Ossuary)
  A hound skeleton (D:4)
  A mummy (D:7)
  8 gnolls
  9 adders
  A white imp (D:5)
  An adder zombie (Ossuary)
  4 worms
  5 dart slugs
  7 orcs
  9 endoplasms
  4 giant cockroaches
  A gnoll zombie (Ossuary)
  12 goblins
  6 hobgoblins
  2 jackals (D:2)
  4 quokkas
  6 ball pythons
  7 bats
  5 frilled lizards
  A goblin zombie (Ossuary)
  A hobgoblin zombie (Ossuary)
  2 jackal zombies (Ossuary)
  12 kobolds
  5 rats (D:1)
143 creatures vanquished.

Vanquished Creatures (collateral kills)
  A water moccasin skeleton (D:4)
  Robin (D:3)
  A worm (D:3)
  An orc (D:3)
  2 hobgoblins (D:3)
  A kobold (D:4)
7 creatures vanquished.

Grand Total: 150 creatures vanquished

Notes
Turn   | Place    | Note
-------+----------+-------------------------------------------
     0 | D:1      | pokeman the Deep Elf Hedge Wizard began the quest for the
                  | Orb.
     0 | D:1      | Reached XP level 1. HP: 10/10 MP: 7/7
   444 | D:1      | Reached XP level 2. HP: 16/16 MP: 4/9
   858 | D:1      | Found a faded altar of an unknown god.
   876 | D:1      | Reached skill level 5 in Spellcasting
  1135 | D:1      | Reached XP level 3. HP: 20/20 MP: 8/11
  1139 | D:1      | Learned a level 3 spell: Mephitic Cloud
  1142 | D:1      | Learned a level 2 spell: Call Imp
  1145 | D:1      | Learned a level 2 spell: Blink
  1149 | D:1      | Learned a level 3 spell: Conjure Flame
  1704 | D:2      | Found Boferun's Weapon Boutique.
  1741 | D:2      | Reached skill level 1 in Armour
  1783 | D:2      | Reached skill level 1 in Fighting
  2090 | D:2      | Reached XP level 4. HP: 25/25 MP: 5/13
  2329 | D:2      | Found Loolaq's Armour Shop.
  2444 | D:2      | Found Wuinu's Armour Shoppe.
  2572 | D:2      | Found Yzoh's Armour Shoppe.
  2901 | D:3      | Noticed Robin
  2933 | D:3      | Killed Robin
  3121 | D:3      | Reached skill level 6 in Spellcasting
  3121 | D:3      | Reached XP level 5. HP: 29/29 MP: 1/15
  3347 | D:3      | Reached skill level 1 in Shields
  4297 | D:4      | Reached skill level 1 in Fire Magic
  4555 | D:4      | Reached XP level 6. HP: 34/34 MP: 14/17
  4839 | D:4      | Reached skill level 7 in Spellcasting
  4843 | D:4      | Reached skill level 1 in Poison Magic
  4860 | D:4      | Reached skill level 1 in Air Magic
  5049 | D:4      | Reached XP level 7. HP: 36/38 MP: 2/20
  5172 | D:4      | You fall into a shaft and drop 1 floor!
  5172 | D:5      | Entered Level 5 of the Dungeon
  5353 | D:5      | Reached skill level 8 in Spellcasting
  6725 | D:5      | Found a runed translucent door.
  6726 | D:5      | Noticed Crazy Yiuf
  6735 | D:5      | Killed Crazy Yiuf
  7067 | D:6      | Reached XP level 8. HP: 27/44 MP: 17/22
  7179 | D:6      | Reached skill level 9 in Spellcasting
  7282 | D:6      | Noticed Grinder
  7289 | D:6      | Paralysed by Grinder for 2 turns
  7300 | D:6      | Paralysed by Grinder for 7 turns
  7308 | D:6      | Paralysed by Grinder for 7 turns
  7333 | D:6      | Killed Grinder
  7334 | D:6      | Reached skill level 5 in Conjurations
  7787 | D:6      | Reached skill level 10 in Spellcasting
  8165 | D:6      | Found Quatuogg's Weapon Shoppe.
  8372 | D:6      | Reached skill level 1 in Evocations
  9050 | D:7      | Found a sand-covered staircase.
  9056 | Ossuary  | Entered an ossuary
  9087 | Ossuary  | HP: 2/44 [hound zombie (1)]
  9087 | Ossuary  | Slain by a human zombie

Illustrated notes

Levels and vault maps discovered:
D:1:      minmay_arrival_solitary_statue, layout_basic,
          hellmonk_ecumenical_altar_inner_sanctum
D:2:      layout_basic, serial_shops, shop, shop, nicolae_shop_behind_doors,
          nicolae_shop_behind_doors
D:3:      layout_basic, minmay_quantized, uniq_robin
D:4:      layout_basic, kennysheep_generic_room_11
D:5:      layout_basic, uniq_crazy_yiuf_cottage
D:6:      layout_layer_cave, serial_shops, nicolae_shop_trees, uniq_grinder
D:7:      layout_basic, minmay_temple_entry_statues_pillars,
          nicolae_ossuary_entry_giza
Ossuary:  ossuary_minmay_tomb_2a

Skill      XL: |  1  2  3  4  5  6  7  8 |
---------------+-------------------------+-----
Spellcasting   | 5 6 7 8 10 | 10.5
Armour         | 1 2 |  2.2
Fighting       | 1 2 |  2.0
Conjurations   | 2 3 4 5 |  5.6
Dodging        | 3 |  3.0
Shields        | 1 |  1.9
Stealth        | 3 |  3.0
Fire Magic     | 1 2 3 |  3.0
Poison Magic   | 1 |  1.0
Air Magic      | 1 |  1.0
Summonings     | 2 3 |  3.5
Evocations     | 1 |  1.0
Translocations | |  1.1

Action                   |  1- 3 |  4- 6 |  7- 9 || total
-------------------------+-------+-------+-------++-------
Melee: Dagger            |     4 |     8 |       ||    12
       Whip              |       |    31 |    54 ||    85
 Cast: Magic Dart        |   100 |   154 |   113 ||   367
       Call Imp          |       |     6 |       ||     6
       Mephitic Cloud    |       |     8 |    12 ||    20
       Conjure Flame     |       |     1 |    16 ||    17
       Blink             |       |       |     9 ||     9
 Stab: Confused          |       |     3 |     2 ||     5
Armor: Robe              |     3 |       |       ||     3
       Leather armour    |     4 |    11 |    41 ||    56
Dodge: Dodged            |    10 |    30 |   117 ||   157

Table legend: (Time is in decaauts)
 A = Elapsed time spent in this place.
 B = Non-inter-level travel time spent in this place.
 C = Inter-level travel time spent in this place.
 D = Time resting spent in this place.
 E = Time spent auto-exploring this place.
 F = Levels seen in this place.
 G = Mean time per level.
                   A        B        C        D        E       F      G
               +--------+--------+--------+--------+--------+-----+--------+
         Total |   9093 |   8991 |    102 |     43 |   7807 |   8 | 1136.6 |
       Dungeon |   9061 |   8959 |    102 |     43 |   7807 |   7 | 1294.4 |
       Ossuary |     32 |     32 |      0 |      0 |      0 |   1 |   32.0 |
               +--------+--------+--------+--------+--------+-----+--------+

Top non-repeatable levels by time:
     D:6: 1990 daAuts
     D:4: 1777 daAuts
     D:1: 1595 daAuts
     D:3: 1402 daAuts
     D:2: 1238 daAuts
     D:5: 1039 daAuts
 Ossuary: 32 daAuts
     D:7: 17 daAuts
